 Dungeon Crawl Stone Soup version 0.27.0-1-g7a089689b8 (webtiles) character file.

Game seed: 11987370056560156844

773 ZARRMARR the Chopper (level 7, -5/61 HPs)
             Began as a Hill Orc Monk on Aug 8, 2021.
             Slain by Edmund (13 damage)
             ... on level 6 of the Dungeon.
             The game lasted 00:29:03 (5865 turns).

ZARRMARR the Chopper (Hill Orc Monk)                Turns: 5865, Time: 00:29:04

Health: -5/61      AC:  4    Str: 20    XL:     7   Next: 83%
Magic:  0/7        EV: 13    Int: 10    God:
Gold:   173        SH:  0    Dex: 13    Spells: 6/6 levels left

rFire    + . .     SeeInvis .   a - +0 hand axe
rCold    + . .     Faith    .   (no shield)
rNeg     . . .     Spirit   +   l - +1 robe {Will+}
rPois    +         Reflect  .   (no helmet)
rElec    .         Harm     .   (no cloak)
rCorr    .         Rampage  .   (no gloves)
Will     +....                  m - +0 pair of boots
Stlth    ++........             e - amulet of guardian spirit
HPRegen  0.20/turn              f - ring "Xaumol" {rPois rF+ rC+ Str+4}
MPRegen  0.10/turn              (no ring)

@: no status effects
A: no striking features
a: no special abilities


You were on level 6 of the Dungeon.
You visited 2 branches of the dungeon, and saw 6 of its levels.
You also visited: Sewer.

You collected 173 gold pieces.

Inventory:

Hand Weapons
 a - a +0 hand axe (weapon)
 v - a +4 flail
Missiles
 d - 113 stones (quivered)
Armour
 i - the +1 scale mail of Fun {Int+5}
   (You found it on level 4 of the Dungeon)

   Int:       It affects your intelligence (+5).
 l - a +1 robe of willpower (worn)
 m - a +0 pair of boots (worn)
Jewellery
 e - an amulet of guardian spirit (around neck)
 f - the ring "Xaumol" (left hand) {rPois rF+ rC+ Str+4}
   (You found it in a sewer)

   [ring of protection from fire]

   Str:       It affects your strength (+4).
   rF:        It protects you from fire.
   rC:        It protects you from cold.
   rPois:     It protects you from poison.
 k - an amulet of reflection
Wands
 n - a wand of polymorph (12)
Scrolls
 b - a scroll of fog {unknown}
 c - 2 scrolls of noise
 g - a scroll of holy word
 o - a scroll of acquirement
 p - 2 scrolls of teleportation
 q - a scroll of immolation {unknown}
 w - a scroll of blinking {unknown}
 x - a scroll of vulnerability {unknown}
Potions
 h - a potion of brilliance
 j - 2 potions of ambrosia {unknown}
 r - a potion of haste {unknown}
 s - 3 potions of heal wounds
 t - a potion of might
 u - a potion of magic {unknown}
 z - a potion of flight {unknown}


   Skills:
 + Level 5.4 Fighting
 + Level 7.7 Axes
 + Level 3.1 Throwing
 + Level 3.8 Dodging
 + Level 2.7 Stealth


You had 6 spell levels left.
You didn't know any spells.
Your spell library contained the following spells:

 Spells                   Type           Power      Damage    Failure   Level
 Animate Skeleton         Necr           0%         N/A       36%         1
 Pain                     Necr           0%         1d4       36%         1
 Vampiric Draining        Necr           0%         2d6       75%         3


Dungeon Overview and Level Annotations

Branches:
Dungeon (6/15)             Temple (1/1) D:6           Sewer (visited)

Altars:
Ashenzari
Cheibriados
Dithmenos
Elyvilon
Fedhas
Gozag
Kikubaaqudgha
Okawaru
Sif Muna
Trog
Vehumet
Xom
Zin
The Shining One

Annotations:
D:6 Edmund


Message History

Edmund hits you with a +2 dire flail of holy wrath!
You hit Edmund but do no damage.
Edmund is heavily wounded.
Edmund says, "People think my brother is the best.
I think he's crazy."
Edmund hits you with a +2 dire flail of holy wrath!
You hit Edmund but do no damage.
Edmund is heavily wounded.
Edmund completely misses you.
You closely miss Edmund.
Edmund is heavily wounded.
Edmund completely misses you.
You hit Edmund but do no damage.
Edmund is heavily wounded.
Edmund barely misses you.
You hit Edmund.
Edmund is heavily wounded.
You closely miss Edmund.
Edmund is heavily wounded.
Edmund barely misses you.
You closely miss Edmund.
Edmund is heavily wounded.
Edmund hits you with a +2 dire flail of holy wrath!
You hit Edmund.
Edmund is severely wounded.
Edmund closely misses you.
You barely miss Edmund.
Edmund is severely wounded.
Edmund hits you with a +2 dire flail of holy wrath!
* * * LOW HITPOINT WARNING * * *
You closely miss Edmund.
Edmund is severely wounded.
Edmund closely misses you.
You barely miss Edmund.
Edmund is severely wounded.
Edmund hits you with a +2 dire flail of holy wrath!
* * * LOW HITPOINT WARNING * * *
You hit Edmund but do no damage.
Edmund is severely wounded.
Edmund hits you with a +2 dire flail of holy wrath!
You die...

##≈♣♣#
#####.≈≈≈#### ###
......≈≈≈..... ..#
#####..P♣#######.#
#..............#.#
#.#######.#.##.#.#
#.#..#.#.#
#.#....#@#
#.######@#
#........#
##########


You could see Edmund.

Vanquished Creatures
  Sigmund (D:2)
  An ogre (D:6)
  2 bullfrogs
  A scorpion (D:6)
  A howler monkey (D:6)
  A bullfrog zombie (D:3)
  Jessica (D:3)
  An iguana (D:4)
  2 orc wizards
  6 adders
  2 adder skeletons (D:4)
  A worm (D:2)
  2 dart slugs
  7 orcs
  7 ball pythons
  9 endoplasms
  10 giant cockroaches
  3 goblins
  4 hobgoblins
  2 jackals (D:1)
  9 quokkas
  7 bats
  8 frilled lizards
  7 kobolds
  6 rats
101 creatures vanquished.

Vanquished Creatures (others)
  2 plants (D:6)
2 creatures vanquished.

Grand Total: 103 creatures vanquished

Notes
Turn   | Place    | Note
-------+----------+-------------------------------------------
     0 | D:1      | ZARRMARR the Hill Orc Monk began the quest for the Orb.
     0 | D:1      | Reached XP level 1. HP: 19/19 MP: 1/1
   211 | D:1      | Found a faded altar of an unknown god.
   229 | D:1      | Got Plato's Almanac of Black Rites
   300 | D:1      | Reached XP level 2. HP: 25/27 MP: 2/2
  1055 | D:1      | Reached XP level 3. HP: 30/33 MP: 3/3
  1723 | D:2      | Noticed Sigmund
  1917 | D:3      | Reached XP level 4. HP: 4/40 MP: 4/4
  1993 | D:3      | Found a white marble altar of Elyvilon.
  2123 | D:3      | HP: 2/40 [bullfrog zombie (3)]
  2126 | D:3      | Reached skill level 5 in Axes
  2126 | D:3      | Reached skill level 1 in Throwing
  2130 | D:3      | Found a glowing drain.
  2155 | Sewer    | Entered a sewer
  2591 | Sewer    | Reached XP level 5. HP: 47/47 MP: 5/5
  3200 | Sewer    | Identified the ring "Xaumol" {rPois rF+ rC+ Str+4}
  3546 | D:3      | Found an opulent altar of Gozag.
  3580 | D:3      | Noticed Jessica
  3596 | D:3      | Killed Jessica
  3686 | D:3      | Reached skill level 6 in Axes
  3686 | D:3      | Reached XP level 6. HP: 53/53 MP: 6/6
  3953 | D:3      | Identified a scroll of acquirement
  4492 | D:2      | Killed Sigmund
  4910 | D:4      | Reached XP level 7. HP: 60/60 MP: 7/7
  4991 | D:4      | Identified the +1 scale mail of Fun {Int+5}
  5096 | D:4      | You fall into a shaft and drop 2 floors!
  5096 | D:6      | Found a staircase to the Ecumenical Temple.
  5105 | Temple   | Entered the Ecumenical Temple
  5316 | Temple   | Reached skill level 5 in Fighting
  5424 | D:6      | Reached skill level 7 in Axes
  5847 | D:6      | Noticed Edmund
  5865 | D:6      | Slain by Edmund

Illustrated notes

Levels and vault maps discovered:
D:1:      lightli_arrival_lavapool, layout_loops_cross,
          shapermc_ecumenical_altar_rom_forum
D:2:      layout_loops_cross, uniq_sigmund
D:3:      layout_rooms, mainiacjoe_overflow_paths, grunt_gozag_breadcrumbs,
          portal_sewer_entry_f, uniq_jessica
D:4:      layout_basic
D:6:      layout_basic, mainiacjoe_overflow_boulevard,
          mainiacjoe_overflow_alcove_2, minmay_temple_entry_slanted,
          serial_bayou_pond_e, uniq_crazy_yiuf_cottage, uniq_edmund
Temple:   nicolae_temple_hex_pool

Skill      XL: |  1  2  3  4  5  6  7 |
---------------+----------------------+-----
Fighting       | 4 5 |  5.4
Stealth        | 2 |  2.7
Axes           | 5 6 7 |  7.7
Throwing       | 1 2 3 |  3.1
Dodging        | 3 |  3.8

Action                   |  1- 3 |  4- 6 |  7- 9 || total
-------------------------+-------+-------+-------++-------
Melee: Hand axe          |   139 |   202 |    87 ||   428
Throw: Stone             |    64 |   126 |    26 ||   216
  Use: Potion            |     2 |     2 |       ||     4
       Scroll            |       |     4 |     1 ||     5
 Stab: Sleeping          |     6 |     1 |     1 ||     8
Armor: Robe              |    26 |    27 |     9 ||    62
       Skin              |     6 |       |       ||     6
Dodge: Dodged            |    81 |   122 |    42 ||   245
